 Dungeon Crawl Stone Soup version 0.29.1-12-g30fa7ad0bf (webtiles) character file.

Game seed: 3255699452659924536

3553 kingsuperguy the Carver (level 9, -2/81 HPs)
             Began as a Minotaur Berserker on Dec 16, 2022.
             Was an Elder of Trog.
             Killed from afar by a steam dragon (4 damage)
             ... with a ball of steam
             ... on level 9 of the Dungeon.
             The game lasted 00:15:51 (10088 turns).

kingsuperguy the Carver (Minotaur Berserker)       Turns: 10088, Time: 00:15:52

Health: -2/81      AC:  8    Str: 27    XL:     9   Next: 83%
Magic:  8/8        EV: 11    Int:  4    God:    Trog [****..]
Gold:   437        SH:  7    Dex:  9    Spells: 8/8 levels left

rFire   . . .      SeeInvis .   a - +0 falchion
rCold   . . .      Faith    .   z - +3 buckler
rNeg    . . .      Spirit   .   s - +0 scale mail
rPois   .          Reflect  .   (helmet restricted)
rElec   .          Harm     .   (no cloak)
rCorr   +          Rampage  .   (no gloves)
Will    .....                   (no boots)
Stlth   ..........              (no amulet)
HPRegen 0.23/turn               j - ring of resist corrosion
MPRegen 0.11/turn               (no ring)

@: on berserk cooldown, slowed, very slow
A: horns 2, retaliatory headbutt
a: Renounce Religion, Berserk, Trog's Hand, Brothers in Arms


You were on level 9 of the Dungeon.
You worshipped Trog.
Trog was greatly pleased with you.
You visited 1 branch of the dungeon, and saw 9 of its levels.

You collected 437 gold pieces.

Inventory:

Hand Weapons
 a - a +0 falchion (weapon)
 o - a +0 long sword
Armour
 b - a +0 animal skin
 k - a +0 leather armour
 s - a +0 scale mail (worn)
 z - a +3 buckler (worn)
Jewellery
 j - a ring of resist corrosion (left hand)
Wands
 x - a wand of flame (22)
Scrolls
 e - 3 scrolls of poison
 f - 2 scrolls of blinking
 i - 3 scrolls of teleportation
 l - a scroll of noise
 m - 2 scrolls of amnesia
 r - 2 scrolls of enchant weapon
 v - 3 scrolls of vulnerability
 y - 3 scrolls of fear
 B - a scroll of summoning {unknown}
 C - 3 scrolls of identify
Potions
 c - a potion of invisibility {unknown}
 d - 2 potions of magic {unknown}
 g - a potion of attraction {unknown}
 h - 3 potions of curing {unknown}
 n - 4 potions of lignification {unknown}
 p - 2 potions of heal wounds {unknown}
 q - a potion of mutation {unknown}
 t - 3 potions of resistance
 u - 4 potions of flight {unknown}
 w - a potion of might
 A - a potion of haste {unknown}


   Skills:
 + Level 8.1 Fighting
 + Level 10.9 Long Blades
 + Level 9.8 Armour
 + Level 5.0 Dodging
 + Level 1.2 Stealth
 + Level 2.2 Shields


You had 8 spell levels left.
You didn't know any spells.
Your spell library was empty.

Dungeon Overview and Level Annotations

Branches:
Dungeon (9/15)             Temple (0/1) D:6
   Lair: D:8-11         Orc: D:9-12

Altars:
Ashenzari
Dithmenos
Fedhas
Qazlal
Uskayaw
Xom


Innate Abilities, Weirdness & Mutations

You have a pair of horns on your head.
You reflexively headbutt those who attack you in melee.


Message History

The gnoll hits you but does no damage.
The gnoll sergeant hits you with a +1 vorpal spear.
The centaur warrior shoots an arrow.
You block the arrow.
You hit the wraith. You headbutt the wraith!
The wraith is heavily damaged.
The wraith closely misses you. The gnoll misses you.
The gnoll sergeant hits you with a +1 vorpal spear!
You closely miss the wraith. You headbutt the wraith.
The wraith is heavily damaged.
The centaur warrior shoots an arrow.
The arrow hits you!
* * * LOW HITPOINT WARNING * * *
You hit the wraith.
You headbutt the wraith, but do no damage.
The wraith is heavily damaged.
The wraith hits you.
* * * LOW HITPOINT WARNING * * *
The wraith drains your vigour!
You feel yourself slow down. The gnoll closely misses you.
The gnoll sergeant hits you with a +1 vorpal spear.
* * * LOW HITPOINT WARNING * * *
x2 You hit the wraith but do no damage.
The wraith is heavily damaged.
The centaur warrior shoots an arrow.
The arrow hits you!!
* * * LOW HITPOINT WARNING * * *
The steam dragon bites you but does no damage.
You block the steam dragon's attack.
The vampire mumbles some strange words.
The vampire flickers and vanishes!
The gnoll hits you but does no damage. The gnoll sergeant closely misses you.
Things that are here:
a +0 club; a gnoll corpse The gnoll attacks as you move away!
The gnoll hits you with a +0 club.
* * * LOW HITPOINT WARNING * * *
You feel a strong urge to attack something.
You are no longer berserk.
You are exhausted.
You feel as though you will be slow longer.
The steam dragon breathes steam at you. The ball of steam hits you.
You die...

......# .###
......# .#.
.....=# .. ..
......# ... #.##
......# ....##..#
##......#
#......###........
#.....@.##<..#
.......ยง)g...##
.......DgW#{..#
#..>....)##...#
##...c...##....#
.................
..$...............
.##.##.........VW.
.. ##.######....


You could see a centaur warrior, a wraith, a steam dragon (catching breath), a
gnoll sergeant and a gnoll.

Vanquished Creatures
  A wyvern (D:8)
  A steam dragon (D:8)
  A water moccasin (D:5)
  Duvessa (D:6)
  3 ice beasts
  2 orc warriors (D:8)
  2 black bears (D:6)
  3 ogres
  3 centaurs (D:8)
  A phantom (D:5)
  2 kobold brigands
  Blork the orc (D:4)
  2 bullfrogs (D:8)
  3 necrophages
  2 scorpions
  A wight (D:8)
  Dowan (D:6)
  6 killer bees (D:7)
  3 howler monkeys
  7 hounds
  2 orc priests
  2 iguanas (D:6)
  6 orc wizards (D:8)
  Ijyb (D:3)
  4 gnolls (D:3)
  12 adders
  2 white imps
  An ufetubus (D:5)
  2 dart slugs
  17 orcs
  10 endoplasms
  6 giant cockroaches
  6 goblins
  11 hobgoblins
  10 jackals
  5 kobolds
  3 quokkas
  5 ball pythons
  3 bats
  8 frilled lizards
  3 rats
165 creatures vanquished.

Vanquished Creatures (others)
  2 gnolls (D:9)
2 creatures vanquished.

Grand Total: 167 creatures vanquished

Notes
Turn   | Place    | Note
-------+----------+-------------------------------------------
     0 | D:1      | kingsuperguy the Minotaur Berserker began the quest for the
                  | Orb.
     0 | D:1      | Reached XP level 1. HP: 19/19 MP: 0/0
   199 | D:1      | Reached skill level 4 in Long Blades
   199 | D:1      | Reached XP level 2. HP: 27/27 MP: 1/1
   792 | D:1      | Reached XP level 3. HP: 31/33 MP: 2/2
  1054 | D:1      | Found a faded altar of an unknown god.
  1075 | D:1      | Reached ** piety under Trog
  1791 | D:2      | Reached XP level 4. HP: 10/41 MP: 3/3
  2175 | D:2      | Reached skill level 5 in Long Blades
  2502 | D:2      | Found a hide-covered altar of Uskayaw.
  2699 | D:3      | Reached XP level 5. HP: 29/47 MP: 4/4
  3010 | D:3      | Noticed Ijyb
  3022 | D:3      | Killed Ijyb
  3023 | D:3      | Reached skill level 5 in Fighting
  3219 | D:3      | You fall into a shaft and drop 3 floors!
  3238 | D:5      | Entered Level 5 of the Dungeon
  3263 | D:5      | Noticed a water moccasin
  3277 | D:5      | Killed a water moccasin
  3278 | D:5      | Reached skill level 6 in Long Blades
  3278 | D:5      | Reached XP level 6. HP: 40/56 MP: 5/5
  3604 | D:4      | Noticed Blork the orc
  3614 | D:4      | Killed Blork the orc
  3916 | D:3      | Found a blossoming altar of Fedhas.
  3926 | D:3      | Found a shadowy altar of Dithmenos.
  3931 | D:3      | Found a stormy altar of Qazlal.
  4096 | D:4      | Reached skill level 7 in Long Blades
  4236 | D:4      | Reached XP level 7. HP: 62/62 MP: 6/6
  5099 | D:5      | Reached *** piety under Trog
  5186 | D:5      | Reached skill level 5 in Armour
  5317 | D:5      | Reached skill level 1 in Stealth
  5328 | D:5      | Reached skill level 8 in Long Blades
  5478 | D:6      | Noticed Dowan
  5479 | D:6      | Noticed Duvessa
  5483 | D:6      | Killed Dowan
  5489 | D:6      | Killed Duvessa
  5490 | D:6      | Reached XP level 8. HP: 53/70 MP: 7/7
  5713 | D:6      | Reached skill level 9 in Long Blades
  6269 | D:6      | Reached skill level 10 in Long Blades
  6762 | D:6      | HP: 3/73 [something (5)]
  6763 | D:6      | Found a staircase to the Ecumenical Temple.
  8071 | D:7      | Reached XP level 9. HP: 60/79 MP: 8/8
  9068 | D:8      | Found a broken altar of Ashenzari.
  9133 | D:8      | Found a shimmering altar of Xom.
  9160 | D:8      | Reached skill level 1 in Shields
  9494 | D:8      | Reached **** piety under Trog
  9897 | D:8      | Reached skill level 5 in Dodging
 10080 | D:9      | Noticed a centaur warrior
 10086 | D:9      | HP: 4/121 [centaur warrior/arrow (24)]
 10088 | D:9      | Killed from afar by a steam dragon

Illustrated notes

Levels and vault maps discovered:
D:1:      dpeg_arrival_renting, layout_basic,
          shapermc_ecumenical_altar_mp_urbaneastern, minmay_3d_cube
D:2:      layout_rooms, basic_altar
D:3:      layout_rooms, minmay_overflow_temple_star_quad, minmay_goblin_outpost,
          uniq_ijyb
D:4:      layout_loops_ring, amcnicky_mini_rare_corridor_liquid,
          uniq_blork_the_orc
D:5:      layout_rooms, grunt_ministairs_4, serial_park_tiny_1,
          kennysheep_small_square
D:6:      layout_loops_ring, minmay_temple_entry_grid, grunt_potential,
          uniq_duvessa
D:7:      layout_basic
D:8:      layout_cave_pools, evilmike_ruin_ashenzari, minmay_ruined_shrine
D:9:      cheibrodos_steamvent, layout_cave_pools,
          gammafunk_temple_overflow_claw, gammafunk_ghost_cemetery,
          chequers_serial_rivers_micro_b

Skill      XL: |  1  2  3  4  5  6  7  8  9 |
---------------+----------------------------+-----
Long Blades    | 4 5 6 7 8 10 | 10.9
Fighting       | 4 5 6 7 8 |  8.1
Armour         | 3 4 5 7 9 |  9.8
Dodging        | 3 4 5 |  5.0
Stealth        | 1 |  1.2
Shields        | 2 |  2.2

Action                   |  1- 3 |  4- 6 |  7- 9 || total
-------------------------+-------+-------+-------++-------
Melee: Falchion          |    76 |    16 |   191 ||   283
       Headbutt          |    10 |    19 |    64 ||    93
       Punch             |     1 |     2 |     2 ||     5
       Long sword        |       |   103 |   181 ||   284
Invok: Berserk           |       |     3 |     5 ||     8
  Use: Scroll            |       |       |    11 ||    11
Armor: Animal skin       |    13 |       |       ||    13
       Leather armour    |     6 |    15 |       ||    21
       Scale mail        |       |    28 |   171 ||   199
Dodge: Dodged            |    51 |    99 |   203 ||   353
Block: Buckler           |       |       |    66 ||    66
